AoeStats
← cristobalfelipeg

Nomad

510879039Analyzed
2v2 RM · 7h ago on Oct 2, 2026· 40m 55s· 4 players
Game mode
Random Map
Map size
176×176
Population
200
Speed
Normal
Resources
Standard
Victory
Conquest
Starting age
Dark Age
Ending age
Imperial Age
RankedLock teamsTeams togetherTeam positionsShared explorationLock speedFull tech treeHidden civsTurbo modeCheats
Victory
Defeat
🇦🇷 Berbers · Argentina
936
+19
🇦🇷 Poles · Argentina
934
+19
🇨🇱 Persians · Chile
1008
-20
🇨🇱 Chinese · Chile
982
-18
cristobalfelipeg
3:36 Loom
17:43 Feudal Age
19:03 Wheelbarrow
18:10 Horse Collar
18:18 Double-Bit Axe
18:16 Man-at-Arms
22:52 Gold Mining
23:06 Arson
23:35 Town Watch
30:16 Castle Age
29:49 Bloodlines
30:13 Padded Archer Armor
30:22 Stone Mining
31:34 Forging
31:15 Fletching
32:00 Heavy Plow
32:43 Bow Saw
35:50 Hand Cart
35:57 Hand Cart
ShadoW
6:29 Loom
15:15 Feudal Age
21:27 Castle Age
22:44 Fletching
24:48 Scale Barding Armor
30:02 Double-Bit Axe
34:51 Elite Skirmisher
35:51 Padded Archer Armor
iva5ns
3:37 Loom
15:10 Feudal Age
19:07 Double-Bit Axe
20:30 Wheelbarrow
21:46 Bloodlines
25:19 Castle Age
24:10 Forging
24:05 Scale Barding Armor
24:26 Man-at-Arms
27:21 Long Swordsman
28:16 Light Cavalry
30:57 Husbandry
33:43 Hand Cart
33:42 Pikeman
34:22 Squires
Hijo de la Noche
5:13 Loom
12:58 Feudal Age
13:54 Double-Bit Axe
14:03 Gold Mining
19:45 Wheelbarrow
23:01 Castle Age
21:18 Forging
23:23 Stone Mining
30:34 Fletching
30:44 Padded Archer Armor
36:20 Imperial Age
34:45 Bodkin Arrow
35:05 Leather Archer Armor
38:45 Bracer
40:09 Elite Camel Archer
Connection lost

Rejoining the realm…

Still unreachable

The connection could not be restored.

Session expired

The server has moved on; the page needs a fresh start.